Unix NetHack Version 5.0.0-0 post-release - last build May 23 2026 06:08:33 (1c0ff79ee797540d5714e4e18072db0edd9e58ae,branch:main).

Game began 2026-05-26 05:18:32, ended 2026-05-26 19:35:53.

CyberFan, lawful female dwarven Cavewoman

                                                                     ---------
                 -----                -------                        ........|
   -------       |(..|################......|                      )-(\......|
   |.....|       |...|#               |.....|                      #  .......|
   |......###    |....#               |.....|                      #  --------
   |.....|# ##   --.--#               |.....|                      ##
   -------#       #######           #:-**...|                       #
         ##        #    # -----     @ |.....|                       #
         #         #    ##|...|    Fe --|----                       #
         #        ##     #....-######   ###                         #
         #--------.---   #..*.|           [               ----------#
         #|..........|    -----           )               |........|)
         #....(..)...|      ###################           |........|#
          |..........|                    --|-+-          |........|#
          |..........|                    |....|          |......<..#
          ------------                    |....|    ######.........|
                                          |.....#####     ----------
                                          ------

CyberFan the Aborigine   St:18/01 Dx:15 Co:16 In:8 Wi:10 Ch:6  Lawful
Dlvl:5  $:167 HP:0(42) Pw:10(10) AC:7  Xp:5/202 T:1971 

Latest messages:
 The hobgoblin swings her dwarvish mattock.
 The hobgoblin hits!
 You hit the hobgoblin!
 You kill the hobgoblin!
 The rock mole bites!
 You hit the rock mole!
 You miss the rock mole.
 You miss the rock mole.
 The rock mole bites!
 You miss the rock mole.
 You kill the rock mole!
 There is a rock mole corpse here; eat it? [ynq] (n)
 This rock mole corpse is tough.
 You finish eating the rock mole corpse.
 You hit the floating eye!
 You are frozen by the floating eye's gaze!
 You hear the tones of courtly conversation.
 Someone shouts "Off with her head!"
 The shrieker shrieks.
 You hear a bugbear incant XIXAXA XOXAXA XUXAXA.
 The shrieker shrieks.
 The shrieker shrieks.
 The gecko bites!
 The shrieker shrieks.
 The gecko bites!
 The gecko bites!
 The gecko bites!
 The gecko bites!
 The gecko bites!
 The gecko bites!
 The gecko bites!
 The gecko bites!
 The gecko bites!
 The gecko bites!
 The gecko bites!
 The shrieker shrieks.
 The gecko bites!
 The gecko bites!
 The gecko bites!
 The gecko bites!
 The gecko bites!
 The gecko bites!
 The gecko bites!
 The gecko bites!
 The gecko bites!
 The gecko bites!
 The gecko bites!
 The gecko bites!
 The gecko bites!
 You die...

Inventory:
 Coins    ('$')
  $ - 167 gold pieces
 Weapons  (')')
  b - an uncursed +2 sling (alternate weapon; not wielded)
  a - an uncursed +1 club (weapon in right hand)
 Armor    ('[')
  i - an uncursed +0 orcish helm (being worn)
  w - a blessed +0 dwarvish cloak (being worn)
  e - an uncursed +0 leather armor (being worn)
 Comestibles  ('%')
  o - a cursed food ration
  q - an uncursed pancake
 Scrolls  ('?')
  m - a cursed scroll of enchant armor
  j - a blessed scroll of enchant weapon
  l - an uncursed scroll of light
  r - an uncursed scroll of scare monster
 Potions  ('!')
  u - an uncursed potion of fruit juice
  v - an uncursed potion of hallucination
  s - 3 uncursed potions of healing
 Rings    ('=')
  f - an uncursed ring of cold resistance
 Wands    ('/')
  k - an uncursed wand of make invisible (0:4)
 Tools    ('(')
  p - a cursed skeleton key
 Gems/Stones  ('*')
  g - 2 uncursed worthless pieces of yellow glass
  h - an uncursed worthless piece of yellowish brown glass
  c - 24 uncursed flint stones (in quiver pouch)
  d - 23 uncursed rocks

CyberFan the Cavewoman's attributes:

Background:
 You were an Aborigine, a level 5 dwarven Cavewoman.
 You were lawful, on a mission for Anu
 who was opposed by Ishtar (neutral) and Anshar (chaotic).
 You were right-handed.
 You were in the Dungeons of Doom, on level 5.
 You entered the dungeon 1971 turns ago.
 You had 202 experience points, 118 more were needed to attain level 6.

Basics:
 You had 0 out of 42 hit points.
 You had all 10 energy points (spell power).
 Your armor class was 7.
 Your wallet contained 167 zorkmids.
 Autopickup was on for '$%?!"=/*', with exceptions.

Final Characteristics:
 Your strength was 18/01 (limit:18/100).
 Your dexterity was 15 (limit:20).
 Your constitution was 16 (limit:20).
 Your intelligence was 8 (limit:16).
 Your wisdom was 10 (limit:16).
 Your charisma was 6 (limit:16).

Final Status:
 You weren't hungry.
 You were unencumbered.
 You were wielding a club.
 You had basic skill with club.

Final Attributes:
 You were devoutly aligned.
 Your items were somewhat protected from fire.
 Your items were somewhat protected from cold.
 You had infravision.
 You were warded.
 You are dead.

Miscellaneous:
 You disabled loading and storing of bones levels.
 Total elapsed playing time was 10 minutes and 39 seconds.

Major events:
 Turn
    1: CyberFan the lawful dwarven Cavewoman entered the dungeon
  326: entered the Gnomish Mines
  529: attained the rank of Aborigine (level 3)
 1971: killed by a gecko, while frozen by a floating eye's gaze

You didn't know any spells.

Skills:
 Fighting Skills
   bare handed combat [Basic]
 Weapon Skills
   dagger             [Unskilled]
   knife              [Unskilled]
   axe                [Unskilled]
   pick-axe           [Unskilled]
   club               [Basic]
   mace               [Unskilled]
   morning star       [Unskilled]
   flail              [Unskilled]
   hammer             [Unskilled]
   quarterstaff       [Unskilled]
   polearms           [Unskilled]
   spear              [Unskilled]
   trident            [Unskilled]
   bow                [Unskilled]
   sling              [Basic]
   boomerang          [Unskilled]
   unicorn horn       [Unskilled]
 Spellcasting Skills
   attack spells      [Unskilled]
   matter spells      [Unskilled]

Voluntary challenges:
 Character rerolling was not enabled.
 You never genocided any monsters.
 You never polymorphed an object.
 You never changed form.
 You used no wishes.
Achievements:
 You entered the Gnomish Mines.
 You attained the rank of Aborigine.
 You entered a shop.

 The Dungeons of Doom: levels 1 to 5
    Level 1:
       An altar.
    Level 2:
       A sink.
       Stairs down to The Gnomish Mines.
    Level 3:
       A fountain.
    Level 4:
       A vegetarian food shop, an altar, some fountains.
    Level 5: <- You were here.
       A throne.
       Final resting place for
          you, killed by a gecko, while frozen by a floating eye's gaze.
 The Gnomish Mines:
    Level 3:


Vanquished creatures:
  a dwarf ruler
  a leprechaun
 an imp
  a rock mole
  a shrieker
  a little dog
  a homunculus
  a hill orc
  a giant bat
 an iguana
  a gas spore
  a large kobold
  a hobgoblin
  3 cave spiders
  a brown mold
  4 geckos
  6 jackals
  a fox
  3 kobolds
  4 goblins
  a sewer rat
  3 grid bugs
  4 newts
43 creatures vanquished.

No species were genocided or became extinct.

Game over:
                       ----------
                      /          \
                     /    REST    \
                    /      IN      \
                   /     PEACE      \
                  /                  \
                  |     CyberFan     |
                  |      167 Au      |
                  |   killed by a    |
                  |      gecko       |
                  |                  |
                  |                  |
                  |       2026       |
                 *|     *  *  *      | *
        _________)/\\_//(\/(/\)/\//\/|_)_______

Goodbye CyberFan the Cavewoman...

You died in The Dungeons of Doom on dungeon level 5 with 1159 points,
and 167 pieces of gold, after 1971 moves.
You were level 5 with a maximum of 42 hit points when you died.

